 Dungeon Crawl Stone Soup version 0.31-a0-1009-g454b1f1e0a (webtiles) character file.

Game seed: 18396187095140314378

142 Queen the Trooper (level 5, 0/47 HPs)
             Began as a Hill Orc Fighter on Nov 15, 2023.
             Slain by a black bear (2 damage)
             ... on level 5 of the Dungeon.
             The game lasted 00:04:46 (2615 turns).

Queen the Trooper (Hill Orc Fighter)                Turns: 2615, Time: 00:04:47

Health: 0/47       AC:  7    Str: 21    XL:     5   Next: 24%
Magic:  5/5        EV:  8    Int:  8    God:
Gold:   180        SH: 10    Dex: 10    Spells: 4/4 levels left

rFire   . . .        a - +0 war axe
rCold   + + .        m - +2 kite shield {rC+}
rNeg    . . .        b - +0 scale mail
rPois   .            (no helmet)
rElec   .            (no cloak)
rCorr   .            (no gloves)
SInv    .            (no boots)
Will    .....        (no amulet) Stlth
                     e - ring of protection from cold
HPRegen 0.27/turn    (no ring)
MPRegen 0.09/turn

%: no passive effects
@: no status effects
A: no striking features
a: no special abilities


You were on level 5 of the Dungeon.
You visited 1 branch of the dungeon, and saw 4 of its levels.

You collected 180 gold pieces.

Inventory:

Hand Weapons
 a - a +0 war axe (weapon)
Missiles
 p - a throwing net
Armour
 b - a +0 scale mail (worn)
 m - a +2 kite shield of cold resistance (worn)
Jewellery
 e - a ring of protection from cold (left hand)
Scrolls
 f - 3 scrolls of teleportation {unknown}
 g - a scroll of acquirement {unknown}
 h - a scroll of immolation {unknown}
 k - a scroll of enchant weapon {unknown}
Potions
 c - a potion of magic {unknown}
 d - a potion of might
 i - a potion of degeneration {unknown}
 j - 2 potions of haste
 l - 3 potions of curing {unknown}
 n - a potion of enlightenment {unknown}
 o - a potion of attraction {unknown}


   Skills:
 + Level 4.6 Fighting
 + Level 4.1 Axes
 + Level 4.2 Armour
 + Level 4.3 Shields


You had 4 spell levels left.
You didn't know any spells.
Your spell library contained the following spells:

 Spells                   Type           Power      Damage    Failure   Level
 Shock                    Conj/Air       0%         1d3       95%         1
 Slow                     Hex            0%         N/A       95%         1
 Sublimation of Blood     Necr           0%         N/A       99%         2
 Confusing Touch          Hex            0%         N/A       100%        3
 Sigil of Binding         Hex            0%         N/A       100%        3
 Swiftness                Air            0%         N/A       100%        3
 Vampiric Draining        Necr           0%         2d6       100%        3
 Airstrike                Air            0%         2d(0-16)  100%        4
 Cause Fear               Hex            0%         N/A       100%        4
 Petrify                  Tmut/Erth      0%         N/A       100%        4
 Fireball                 Conj/Fire      0%         3d3       100%        5
 Irradiate                Conj/Tmut      0%         3d11      100%        5
 Dragon's Call            Summ           0%         N/A       100%        9


Dungeon Overview and Level Annotations

Branches:
Dungeon (3/15)

Altars:

Shops:
D:2 =


Message History

You have reached level 5!
You feel stronger.
You hit the black bear but do no damage.
The black bear bites you. You block the black bear's attack.
The black bear claws you but does no damage.
The black bear bites you. The black bear misses you.
The black bear claws you but does no damage.
You hit the black bear.
The black bear is moderately wounded.
The black bear completely misses you. You block the black bear's attack.
The black bear claws you but does no damage.
You hit the black bear.
The black bear is heavily wounded.
The black bear barely misses you. You block the black bear's attack.
The black bear claws you but does no damage.
The black bear barely misses you.
The black bear claws you but does no damage.
The black bear barely misses you.
You slash the black bear!
The black bear is severely wounded.
The black bear barely misses you. You block the black bear's attack.
The black bear claws you.
You closely miss the black bear.
The black bear is severely wounded.
The black bear bites you. The black bear claws you.
You block the black bear's attack.
You closely miss the black bear.
The black bear is severely wounded.
The black bear goes berserk!
The black bear bites you.
* * * LOW HITPOINT WARNING * * *
You block the black bear's attack.
The black bear claws you but does no damage.
You hit the black bear.
The black bear is almost dead.
You block the black bear's attack. x2; The black bear claws you.
* * * LOW HITPOINT WARNING * * *
The black bear bites you.
* * * LOW HITPOINT WARNING * * *
The black bear claws you.
You die...

#.####...#......
............#
.........######
#####).......#
## #..#####.# ..
#....#
#.###.#..#
#.##..##....
#.##@## ###.#
#.##h# # #.#..#
#...##
######..##
#......†#
.........#
........<..
....?....##S#


You could see a black bear (berserk).

Vanquished Creatures
  A hound (D:5)
  4 adders
  A worm (D:2)
  2 dart slugs
  2 orcs
  6 bats
  7 endoplasms
  3 giant cockroaches
  A goblin (D:1)
  6 hobgoblins
  3 jackals (D:3)
  6 kobolds
  7 quokkas
  7 ball pythons
  3 rats
59 creatures vanquished.

Notes
Turn   | Place    | Note
-------+----------+-------------------------------------------
     0 | D:1      | Queen the Hill Orc Fighter began the quest for the Orb.
     0 | D:1      | Reached XP level 1. HP: 19/19 MP: 1/1
   193 | D:1      | Reached XP level 2. HP: 26/27 MP: 2/2
   438 | D:1      | Reached XP level 3. HP: 33/33 MP: 3/3
   902 | D:2      | Found Ziry's Jewellery Emporium.
  1102 | D:2      | Reached XP level 4. HP: 40/40 MP: 4/4
  2567 | D:3      | You fall into a shaft and drop 2 floors!
  2567 | D:5      | Entered Level 5 of the Dungeon
  2595 | D:5      | Noticed a black bear
  2609 | D:5      | Reached XP level 5. HP: 35/47 MP: 5/5
  2615 | D:5      | HP: 2/47 [black bear (6)]
  2615 | D:5      | Slain by a black bear

Illustrated notes

Levels and vault maps discovered:
D:1:      saegor_arrival_simple_d, layout_loops_ring
D:2:      layout_basic, serial_shops, shop
D:3:      layout_loops_ring
D:5:      layout_rooms

Skill      XL: |  1  2  3  4 |
---------------+-------------+-----
Axes           | 3 4 |  4.1
Fighting       | 4 |  4.6
Shields        | 4 |  4.3
Armour         | 4 |  4.2

Action                     |  1- 3 |  4- 6 || total
---------------------------+-------+-------++-------
  Melee: War axe           |   111 |    90 ||   201
    Use: Scroll            |     2 |       ||     2
 Armour: Scale mail        |    81 |    78 ||   159
  Dodge: Dodged            |    66 |    40 ||   106
  Block: Buckler           |    19 |       ||    19
         Kite shield       |    28 |    70 ||    98

Table legend: (Time is in decaauts)
 A = Elapsed time spent in this place.
 B = Non-inter-level travel time spent in this place.
 C = Inter-level travel time spent in this place.
 D = Time resting spent in this place.
 E = Time spent auto-exploring this place.
 F = Levels seen in this place.
 G = Mean time per level.
                   A        B        C        D        E       F      G
               +--------+--------+--------+--------+--------+-----+--------+
         Total |   2699 |   2575 |    124 |    230 |   1811 |   4 |  674.8 |
       Dungeon |   2699 |   2575 |    124 |    230 |   1811 |   4 |  674.8 |
               +--------+--------+--------+--------+--------+-----+--------+

Top non-repeatable levels by time:
     D:2: 1493 daAuts
     D:1: 845 daAuts
     D:3: 303 daAuts
     D:5: 57 daAuts
